[Event "3rd Rio Open-Blitz 2024"]
[Site "Rio de Janeiro"]
[Date "2024.04.27"]
[Round "7.2"]
[White "Fier, Alexandr"]
[Black "Guimaraes, Wagner Peixoto"]
[Result "1-0"]
[ECO "B30"]
[WhiteElo "2566"]
[BlackElo "2140"]
[Annotator "TA"]
[PlyCount "81"]
[EventDate "2024.04.12"]
[EventType "swiss"]
[EventCountry "BRA"]
[SourceTitle "playchess.com"]
[Source "ChessBase"]
[SourceQuality "1"]
[TimeControl "180+2"]

1. e4 c5 2. Nc3 Nc6 3. Bb5 Nd4 4. Bc4 e6 5. Nf3 Nf6 6. O-O d6 7. d3 Be7 8. Nxd4 {[%emt 0:00:01] White is slightly better.} cxd4 9. Ne2 e5 10. f4 Be6 11. Bb3 a5 12. Ng3 exf4 13. Bxf4 Qb6 (13... a4 $11 {keeps the balance.} 14. Bxe6 fxe6) 14. Ba4+ $16 Kf8 15. Bg5 (15. h3 $16) 15... Qc5 (15... Ng4 $14 16. Bd2 Ne5) 16. Bxf6 (16. Nf5 $16) 16... Bxf6 $14 17. Bb3 (17. Nh5 {with more complications.} Qg5 18. Nxf6 gxf6 19. Qf3) 17... a4 (17... h5 $14) 18. Bxe6 $18 fxe6 19. Nh5 ({White should try} 19. Qg4 $1 $18 {Black must now prevent Nh5.} Kf7 20. Nh5) 19... Ke7 $14 20. Qg4 Rag8 (20... Qg5 $14 21. Nxf6 gxf6) 21. Rf2 {[%emt 0:00:07] White is more active.} Qg5 22. Qh3 (22. Nxf6 $14 gxf6 23. Qf3) 22... Be5 $15 23. Raf1 Rf8 $36 {[%emt 0:00:02][%mdl 2048] Repels Rf7+. Black is pushing.} 24. g3 $1 Qe3 (24... Rxf2 $15 25. Rxf2 Qc1+ 26. Kg2 h6 (26... Qxb2 27. Nxg7 Bxg7 28. Qh4+ Kd7 29. Rf7+ Kc8 30. Qe7 $11)) 25. Kg2 Rxf2+ 26. Rxf2 Rf8 (26... g5 {keeps more tension.} 27. Qg4 Rf8 28. Rxf8 Kxf8 29. h4 h6) 27. Rxf8 Kxf8 $11 {[%emt 0:00:01][%mdl 4096] Endgame. KQB-KQN} 28. Qg4 {[%emt 0:00:02] Dodges Qe2+} g6 (28... g5 {seems wilder.} 29. h4 h6 30. Qf3+ Ke7) 29. Nf4 Qd2+ 30. Kh3 Bxf4 31. Qxf4+ Qxf4 32. gxf4 {[%emt 0:00:00] KP-KP} Kg7 33. c4 dxc3 34. bxc3 Kf6 35. c4 {[%emt 0:00:01] [#]} (35. Kg4 $11 {remains equal.}) 35... b6 (35... d5 $1 $17 36. exd5 exd5) 36. Kg4 h5+ $2 {[%emt 0:00:02] [#]} (36... e5 $11) 37. Kf3 $1 $16 e5 ({Black should play} 37... Ke7 $16) 38. h4 $14 {[%emt 0:00:03] And now a3 would win.} Ke6 $2 (38... a3 $16 39. d4 Ke6 (39... exd4 $2 {is the wrong capture.} 40. Ke2 $18) 40. dxe5 dxe5 41. fxe5 Kxe5) 39. Ke3 $18 Kf6 40. d4 exd4+ 41. Kxd4 {[%emt 0:01:04] Weighted Error Value: White=0.30/Black=0.38.  Loses game:     	---       	Black=1      Mistake:       	White=5     	Black=8      Inaccurate:     	White=4     	Black=4      OK:         	White=9     	Black=4      Best:        	White=4     	Black=2      Strong:       	White=2     	---} 1-0

[Event "3rd Rio Open-Blitz 2024"]
[Site "Rio de Janeiro"]
[Date "2024.04.27"]
[Round "7.3"]
[White "Mafra, Kaiser Luiz"]
[Black "De Siqueira, Luigy Lira"]
[Result "0-1"]
[ECO "C26"]
[WhiteElo "2074"]
[BlackElo "2274"]
[Annotator "NA"]
[PlyCount "86"]
[EventDate "2024.04.12"]
[EventType "swiss"]
[EventCountry "BRA"]
[SourceTitle "playchess.com"]
[Source "ChessBase"]
[SourceQuality "1"]
[TimeControl "180+2"]

1. e4 e5 2. Nf3 Nc6 3. Nc3 Nf6 4. g3 Bc5 5. d3 h6 6. Bg2 d6 7. Na4 Bb6 8. O-O O-O 9. h3 Be6 10. Nxb6 axb6 11. c4 Qd7 12. Kh2 Rfe8 13. Be3 Ne7 14. Qd2 Ng6 15. Ng1 b5 16. b3 bxc4 17. dxc4 Qe7 18. Ne2 Bd7 19. Nc3 Bc6 20. Nd5 Nxd5 21. exd5 Bd7 22. Rae1 f5 23. f4 exf4 24. Bxf4 Qf6 25. Be3 Ne5 26. Bd4 Qg6 27. c5 Bb5 28. Rf2 Qh5 29. Bxe5 dxe5 30. a4 Bd7 31. Bf3 Qf7 32. c6 bxc6 33. dxc6 Bc8 34. Bd5 Be6 35. Rxe5 Bxd5 36. Rxd5 Rab8 37. Rdxf5 Qxb3 38. Qd7 Qxa4 39. Rf7 Qa1 40. Qxc7 Kh8 41. Re7 Rec8 42. Qd7 Qc3 43. c7 Ra8 0-1

[Event "3rd Rio Open-Blitz 2024"]
[Site "Rio de Janeiro"]
[Date "2024.04.27"]
[Round "7.4"]
[White "Urquiza, Marcello de Albuquer"]
[Black "Oliveira, Fernando Ventura"]
[Result "0-1"]
[ECO "B30"]
[WhiteElo "2005"]
[BlackElo "2044"]
[Annotator "NA RC"]
[PlyCount "52"]
[EventDate "2024.04.12"]
[EventType "swiss"]
[EventCountry "BRA"]
[SourceTitle "playchess.com"]
[Source "ChessBase"]
[SourceQuality "1"]
[TimeControl "180+2"]

1. e4 c5 2. Nf3 Nc6 3. Bb5 e6 4. O-O Nge7 5. Re1 a6 6. Bf1 e5 7. c4 g6 8. Nc3 Bg7 9. d3 O-O 10. Be3 Nd4 11. Rb1 d6 12. b4 Bg4 13. Be2 Nxe2+ 14. Qxe2 b6 15. h3 Bxf3 16. Qxf3 f5 17. Bg5 Bf6 18. Bh6 Rf7 19. Nd5 Nxd5 20. exd5 Qd7 21. bxc5 bxc5 22. Bd2 Qa4 23. Rb2 e4 24. Qg3 Bxb2 25. Qxd6 Bd4 26. dxe4 fxe4 0-1

[Event "3rd Rio Open-Blitz 2024"]
[Site "Rio de Janeiro"]
[Date "2024.04.27"]
[Round "7.5"]
[White "Librelato, Kathie Goulart"]
[Black "Ribeiro, Matheus Mendes Domin"]
[Result "0-1"]
[ECO "C18"]
[WhiteElo "2165"]
[BlackElo "2228"]
[Annotator "NA RC"]
[PlyCount "61"]
[EventDate "2024.04.12"]
[EventType "swiss"]
[EventCountry "BRA"]
[SourceTitle "playchess.com"]
[Source "ChessBase"]
[SourceQuality "1"]
[TimeControl "180+2"]

1. e4 e6 2. d4 d5 3. Nc3 Bb4 4. e5 c5 5. a3 Bxc3+ 6. bxc3 Ne7 7. h4 Qc7 8. h5 h6 9. Rh3 b6 10. Bb5+ Bd7 11. a4 Bxb5 12. axb5 a6 13. Qg4 Nf5 14. Ne2 Qb7 15. bxa6 Rxa6 16. Rxa6 Qxa6 17. Ng3 Ne7 18. Qxg7 Rg8 19. Qxh6 cxd4 20. cxd4 Nbc6 21. Qf4 Qa5+ 22. Kf1 Qb5+ 23. Kg1 Qc4 24. h6 Qxc2 25. Nh5 Rh8 26. Nf6+ Kd8 27. Ra3 Nxd4 28. Kh2 Ng6 29. Qe3 Qf5 30. Ra8+ Kc7 31. Rg8 0-1

[Event "3rd Rio Open-Blitz 2024"]
[Site "Rio de Janeiro"]
[Date "2024.04.27"]
[Round "7.6"]
[White "Hoffman, Alejandro"]
[Black "Becker, Rogerio Sperb"]
[Result "0-1"]
[ECO "B38"]
[WhiteElo "2379"]
[BlackElo "2054"]
[Annotator "TA"]
[PlyCount "64"]
[EventDate "2024.04.12"]
[EventType "swiss"]
[EventCountry "BRA"]
[SourceTitle "playchess.com"]
[Source "ChessBase"]
[SourceQuality "1"]
[TimeControl "180+2"]

1. Nf3 Nf6 2. c4 g6 3. Nc3 c5 4. d4 cxd4 5. Nxd4 Bg7 6. e4 d6 7. Be2 O-O 8. O-O Nc6 9. Be3 Bd7 10. h3 a6 11. a4 Nxd4 12. Bxd4 (12. Qxd4 Ng4 13. Qd3 Nxe3 14. Qxe3 Re8 $16) 12... Bc6 {[#]} (12... a5 $11) 13. Qc2 (13. a5 $1 $16) 13... Qa5 14. Rad1 Rfc8 15. Rfe1 b5 16. axb5 axb5 17. cxb5 Bxb5 18. Qd2 Bc6 19. Bf3 Rab8 20. e5 (20. Bxf6 $11 exf6 (20... Bxf6 21. Nd5 $11) 21. Qxd6) 20... dxe5 (20... Bxf3 $15 21. gxf3 dxe5 22. Rxe5 Qb4) 21. Rxe5 $11 Qb4 22. Bxc6 Rxc6 23. Re2 ({White should play} 23. Qe2 $11) 23... Rd6 $15 {[%emt 0:00:00] [#] aiming for ...Rbd8.} 24. Qe3 (24. Rxe7 $2 Rxd4 (24... Qxb2 25. Qxb2 Rxb2 26. Bxf6 $14) 25. Qe1 Rxd1 26. Nxd1 Qh4 $19) 24... Rbd8 $36 {[%emt 0:00:00][%cal Rd6d4][%mdl 2048] Black has good play.} 25. Red2 (25. Qxe7 $2 {too greedy.} R8d7 (25... Rxd4 $2 26. Qxb4 Rxb4 27. Rxd8+ $18) (25... Bf8 $2 26. Qe5 $19) 26. Qe3 Rxd4 $19) 25... Qb7 (25... Ne4 $15 26. Qxe4 Bxd4 (26... Rxd4 27. Rxd4 Bxd4 28. Kh1 $15)) 26. Bxf6 Bxf6 27. Rxd6 Rxd6 28. Rxd6 exd6 $11 {[%emt 0:00:02] KQB-KQN} 29. Ne4 (29. Qd2 $11) 29... Qxb2 $17 ({Don't play} 29... Bxb2 $6 30. Nxd6 Qd5 31. Ne4 $11) 30. g3 d5 31. Nd6 {[%emt 0:00:02] Threatening mate with Qe8+.} Qa1+ (31... Be5 $142 32. Nb5 Qb1+ 33. Kg2 Qf5) 32. Kg2 Qe5 {[%emt 0:00:02] Weighted Error Value: White=0.30/Black=0.26 (precise) .  Mistake:       	White=4     	Black=4      Inaccurate:     	White=6     	Black=5      OK:         	White=2     	Black=2      Best:        	White=3     	Black=1} 0-1

[Event "3rd Rio Open-Blitz 2024"]
[Site "Rio de Janeiro"]
[Date "2024.04.27"]
[Round "8.1"]
[White "Labussiere, Yago"]
[Black "Fier, Alexandr"]
[Result "0-1"]
[ECO "A30"]
[WhiteElo "2184"]
[BlackElo "2566"]
[Annotator "TA"]
[PlyCount "78"]
[EventDate "2024.04.12"]
[EventType "swiss"]
[EventCountry "BRA"]
[SourceTitle "playchess.com"]
[Source "ChessBase"]
[SourceQuality "1"]
[TimeControl "180+2"]

1. Nf3 b6 2. g3 Bb7 3. Bg2 c5 4. c4 Nf6 5. O-O e6 6. Nc3 a6 7. b3 Be7 8. Bb2 O-O 9. d4 cxd4 10. Nxd4 Bxg2 11. Kxg2 Qc7 12. Rc1 Nc6 13. Qd2 (13. e4 {is more appropriate.}) 13... Qb7 14. Kg1 {[%emt 0:00:01] The position is equal.} Rfc8 15. Rfd1 Ne5 (15... Nxd4 $142 16. Qxd4 b5) 16. f3 h5 17. Kh1 Ng6 18. e4 h4 19. Kg2 Bc5 20. Na4 Be7 21. Nc3 Qb8 22. Nce2 b5 23. cxb5 Rxc1 24. Rxc1 (24. Qxc1 $11 {keeps the balance.} axb5 25. a3) 24... axb5 $17 25. Bc3 (25. Ba1 $142) 25... d5 ({Black should try} 25... Qb7 $17 {Threatens to win with ...b4.} 26. Rc2 e5) 26. Nc6 $11 Qb7 {[%emt 0:00:00][%cal Od5e4] [#] aiming for ...dxe4!} 27. Nxe7+ Qxe7 28. Bxf6 Qxf6 29. exd5 exd5 30. Qxd5 Re8 31. Nd4 {[%emt 0:00:04][%mdl 8192] This costs White the game.} (31. Qxb5 $14 {keeps the upper hand.} h3+ 32. Kf2 (32. Kxh3 $2 {is the wrong capture.} Qe6+ 33. g4 Qxe2 $19)) 31... Rd8 $19 32. Qxb5 Qxd4 33. Rc2 {[%emt 0:00:01] Repels Qb2} (33. Re1 $142) 33... Qd1 34. Qe2 Qd7 {[%emt 0:00:00] Strongly threatening ...Re8.} 35. b4 h3+ 36. Kf2 Re8 37. Qd2 Qa7+ 38. Rc5 Ne5 {[%emt 0:00:00] [#] ...Nd7 is the strong threat.} 39. Kf1 Nxf3 {[%emt 0:00:00] Weighted Error Value: White=1.02/Black=0.16 (very precise) .  Loses game:     	White=1     	---        Mistake:       	White=4     	Black=2      Inaccurate:     	White=4     	Black=3      OK:         	White=4     	Black=7      Best:        	White=1     	Black=2} 0-1

[Event "3rd Rio Open-Blitz 2024"]
[Site "Rio de Janeiro"]
[Date "2024.04.27"]
[Round "8.2"]
[White "De Siqueira, Luigy Lira"]
[Black "Oliveira, Fernando Ventura"]
[Result "0-1"]
[ECO "B79"]
[WhiteElo "2274"]
[BlackElo "2044"]
[Annotator "NA RC"]
[PlyCount "121"]
[EventDate "2024.04.12"]
[EventType "swiss"]
[EventCountry "BRA"]
[SourceTitle "playchess.com"]
[Source "ChessBase"]
[SourceQuality "1"]
[TimeControl "180+2"]

1. e4 c5 2. Nf3 Nc6 3. d4 cxd4 4. Nxd4 g6 5. Nc3 Bg7 6. Be3 Nf6 7. Bc4 d6 8. f3 O-O 9. Qd2 Ne5 10. Bb3 Bd7 11. O-O-O Qa5 12. Kb1 Rfc8 13. h4 Nc4 14. Bxc4 Rxc4 15. Nde2 Be6 16. b3 Rc7 17. Bd4 Rac8 18. Nd5 Qxd2 19. Rxd2 Nxd5 20. exd5 Bf5 21. Bxg7 Kxg7 22. Nd4 h5 23. Nxf5+ gxf5 24. Rh3 Kf6 25. Rg3 Rh8 26. Kb2 Rcc8 27. Rg5 Rcg8 28. f4 Rxg5 29. fxg5+ Kg6 30. Re2 Re8 31. Kc3 e5 32. dxe6 fxe6 33. Kd4 Kf7 34. c4 Rc8 35. b4 b6 36. a4 Ke7 37. Ra2 Kd7 38. a5 Kc6 39. axb6 e5+ 40. Kd3 axb6 41. Ra7 e4+ 42. Kd4 b5 43. cxb5+ Kxb5 44. Rb7+ Kc6 45. Rf7 Re8 46. Ke3 Re5 47. g6 f4+ 48. Kxf4 e3 49. g7 e2 50. g8=Q e1=Q 51. Qc8+ Kd5 52. Qb7+ Ke6 53. Re7+ Kf6 54. Rf7+ Ke6 55. Qd7+ Kd5 56. Qb5+ Ke6 57. Qe8+ Kd5 58. Qa8+ Ke6 59. Re7+ Kxe7 60. Qb7+ Kf6 61. Qa8 0-1

[Event "3rd Rio Open-Blitz 2024"]
[Site "Rio de Janeiro"]
[Date "2024.04.27"]
[Round "8.3"]
[White "Ribeiro, Matheus Mendes Domin"]
[Black "Viana, Dirceu"]
[Result "1-0"]
[ECO "A21"]
[WhiteElo "2228"]
[BlackElo "2172"]
[Annotator "NA RC"]
[PlyCount "56"]
[EventDate "2024.04.12"]
[EventType "swiss"]
[EventCountry "BRA"]
[SourceTitle "playchess.com"]
[Source "ChessBase"]
[SourceQuality "1"]
[TimeControl "180+2"]

1. c4 e5 2. Nc3 Nc6 3. Nf3 g6 4. d4 exd4 5. Nxd4 Bg7 6. Be3 Nge7 7. g3 O-O 8. Bg2 d6 9. O-O Rb8 10. Qd2 Ne5 11. b3 Nf5 12. Nxf5 Bxf5 13. Bxa7 Ra8 14. Bd4 c5 15. Be3 Nc6 16. Rad1 Re8 17. Nb5 Nd4 18. Nxd4 cxd4 19. Bxd4 Bxd4 20. Qxd4 Rxe2 21. a4 Bc2 22. Qxd6 Bxd1 23. Qxd1 Rd2 24. Qf3 Rb8 25. h4 h5 26. Qf4 b6 27. Bd5 Rxd5 28. cxd5 Rc8 1-0

[Event "3rd Rio Open-Blitz 2024"]
[Site "Rio de Janeiro"]
[Date "2024.04.27"]
[Round "8.4"]
[White "Becker, Rogerio Sperb"]
[Black "Teixeira, Maria Luiza Prado"]
[Result "1-0"]
[ECO "A20"]
[WhiteElo "2054"]
[BlackElo "1928"]
[Annotator "NA RC"]
[PlyCount "87"]
[EventDate "2024.04.12"]
[EventType "swiss"]
[EventCountry "BRA"]
[SourceTitle "playchess.com"]
[Source "ChessBase"]
[SourceQuality "1"]
[TimeControl "180+2"]

1. c4 Nf6 2. Nf3 d5 3. cxd5 Nxd5 4. g3 Nc6 5. Bg2 e5 6. O-O Be7 7. d4 exd4 8. Nxd4 Nxd4 9. Qxd4 Nf6 10. Qxd8+ Bxd8 11. Nc3 c6 12. e4 Bc7 13. h3 Be6 14. f4 O-O-O 15. Be3 Rd3 16. Kf2 Rhd8 17. Rfe1 Ba5 18. Rac1 h5 19. Re2 h4 20. g4 Ne8 21. f5 Bc4 22. Rec2 f6 23. Bf1 Rxe3 24. Kxe3 Bb6+ 25. Kf3 Bxf1 26. Rxf1 Rd3+ 27. Kg2 Rg3+ 28. Kh1 Bc7 29. Rd2 Rxh3+ 30. Kg2 Rg3+ 31. Kf2 Bb6+ 32. Ke2 Re3+ 33. Kd1 Kc7 34. Re2 Rd3+ 35. Kc2 Rg3 36. e5 fxe5 37. Rxe5 Rxg4 38. Rxe8 h3 39. Rh8 Rg2+ 40. Kb3 h2 41. f6 gxf6 42. Rxf6 Bd4 43. Rh7+ Kb6 44. Rff7 1-0

[Event "3rd Rio Open-Blitz 2024"]
[Site "Rio de Janeiro"]
[Date "2024.04.27"]
[Round "8.5"]
[White "Lage, Pedro Ferreira"]
[Black "Leus, Lucas Resende"]
[Result "1-0"]
[ECO "A35"]
[WhiteElo "2061"]
[BlackElo "1880"]
[Annotator "NA RC"]
[PlyCount "105"]
[EventDate "2024.04.12"]
[EventType "swiss"]
[EventCountry "BRA"]
[SourceTitle "playchess.com"]
[Source "ChessBase"]
[SourceQuality "1"]
[TimeControl "180+2"]

1. Nf3 c5 2. c4 Nc6 3. d4 cxd4 4. Nxd4 g6 5. Nc3 Bg7 6. e3 Nf6 7. Be2 O-O 8. O-O a6 9. c5 d6 10. Nxc6 bxc6 11. cxd6 exd6 12. Qa4 Qb6 13. Rd1 d5 14. Qa3 Bf5 15. Na4 Qc7 16. Nc5 a5 17. Bd2 Nd7 18. Rac1 Rfb8 19. Nxd7 Bxd7 20. Bc3 Bxc3 21. Rxc3 Qe5 22. Bf3 Rb5 23. Rdc1 Rab8 24. b3 Qe6 25. Be2 R5b7 26. Qxa5 Rc8 27. Qc5 Ra8 28. R1c2 Rba7 29. a4 Ra5 30. Qd4 Qd6 31. Rc5 R5a7 32. h3 Rb8 33. R2c3 Rab7 34. Bd1 Rb4 35. Qd2 Ra8 36. Rc1 Qe5 37. Qxb4 Rb8 38. Qd4 Qe6 39. b4 Qd6 40. a5 Qe7 41. a6 Ra8 42. Be2 Qd8 43. Ra5 Qb8 44. Qc5 Ra7 45. Bf3 Qc7 46. Rca1 Qb8 47. Be2 Kg7 48. Qd4+ Kg8 49. Qc5 Kg7 50. Bd3 Kg8 51. b5 cxb5 52. Bxb5 Rc7 53. a7 1-0

[Event "3rd Rio Open-Blitz 2024"]
[Site "Rio de Janeiro"]
[Date "2024.04.27"]
[Round "8.6"]
[White "Guimaraes, Wagner Peixoto"]
[Black "Azevedo, Edmundo Roberto Ramo"]
[Result "0-1"]
[ECO "D12"]
[WhiteElo "2140"]
[BlackElo "1917"]
[Annotator "NA RC"]
[PlyCount "104"]
[EventDate "2024.04.12"]
[EventType "swiss"]
[EventCountry "BRA"]
[SourceTitle "playchess.com"]
[Source "ChessBase"]
[SourceQuality "1"]
[TimeControl "180+2"]

1. d4 d5 2. c4 c6 3. Nf3 Nf6 4. Nc3 Bf5 5. e3 e6 6. Bd3 Bg4 7. Qb3 Qb6 8. Ne5 Nbd7 9. Nxg4 Nxg4 10. c5 Qxb3 11. axb3 a6 12. b4 Rc8 13. e4 dxe4 14. Nxe4 Ngf6 15. Nc3 Be7 16. O-O O-O 17. Re1 Bd8 18. Bf4 Bc7 19. Bxc7 Rxc7 20. Rad1 Rd8 21. Bc4 Nf8 22. Na4 Rcd7 23. Nb6 Rxd4 24. Rxd4 Rxd4 25. b3 N8d7 26. Na4 g6 27. h3 h5 28. g3 Kg7 29. Kg2 Rd2 30. Nc3 Nd5 31. Bxd5 cxd5 32. Ra1 Rd3 33. Rc1 Ne5 34. b5 Rd2 35. bxa6 bxa6 36. Na4 Nc6 37. Kf1 a5 38. Nb6 Rb2 39. Rc3 Kf6 40. Na4 Rb1+ 41. Kg2 Ke5 42. Nb6 Kd4 43. Re3 Rc1 44. Na4 Ra1 45. Rf3 f5 46. Re3 e5 47. Re2 e4 48. Rd2+ Ke5 49. Rc2 d4 50. Nb6 d3 51. Rd2 Nd4 52. Nc4+ Ke6 0-1

[Event "3rd Rio Open-Blitz 2024"]
[Site "Rio de Janeiro"]
[Date "2024.04.27"]
[Round "9.1"]
[White "Oliveira, Fernando Ventura"]
[Black "Fier, Alexandr"]
[Result "0-1"]
[ECO "B02"]
[WhiteElo "2044"]
[BlackElo "2566"]
[Annotator "ChessBase"]
[PlyCount "82"]
[EventDate "2024.04.12"]
[EventType "swiss"]
[EventCountry "BRA"]
[SourceTitle "playchess.com"]
[Source "ChessBase"]
[SourceQuality "1"]
[TimeControl "180+2"]

1. e4 Nf6 2. e5 Nd5 3. c4 Nb6 4. c5 Nd5 5. Nc3 e6 6. d4 b6 7. cxb6 Nxc3 8. bxc3 axb6 9. Nf3 Ba6 10. Bd3 Bxd3 11. Qxd3 Nc6 12. O-O Qc8 13. Be3 Qa6 14. Qxa6 Rxa6 15. a4 d5 16. exd6 Bxd6 17. c4 Kd7 18. c5 Be7 19. Rfd1 bxc5 20. dxc5+ Kc8 21. h4 Rd8 22. Rdc1 Rd5 23. Rc4 Kd7 24. Kf1 f6 25. Ke2 e5 26. Nd2 Ke6 27. f3 f5 28. g4 g6 29. gxf5+ gxf5 30. f4 e4 31. Nb3 Rd8 32. Rg1 Bf6 33. h5 Rd3 34. Nd2 Bd4 35. Nf1 Kd5 36. Rc2 Rxa4 37. Rg5 Raa3 38. Rg3 Bxe3 39. Nxe3+ Rxe3+ 40. Rxe3 Nd4+ 41. Kd2 Rxe3 0-1

[Event "3rd Rio Open-Blitz 2024"]
[Site "Rio de Janeiro"]
[Date "2024.04.27"]
[Round "9.2"]
[White "Ribeiro, Matheus Mendes Domin"]
[Black "Labussiere, Yago"]
[Result "1/2-1/2"]
[ECO "E61"]
[WhiteElo "2228"]
[BlackElo "2184"]
[Annotator "NA RC"]
[PlyCount "162"]
[EventDate "2024.04.12"]
[EventType "swiss"]
[EventCountry "BRA"]
[SourceTitle "playchess.com"]
[Source "ChessBase"]
[SourceQuality "1"]
[TimeControl "180+2"]

1. c4 e5 2. g3 Nc6 3. Bg2 g6 4. Nc3 Bg7 5. e3 d6 6. Nge2 Nf6 7. O-O O-O 8. d4 exd4 9. exd4 Re8 10. Bg5 h6 11. Bxf6 Bxf6 12. Qd2 Bg7 13. Rfe1 Bg4 14. Rad1 Qd7 15. f3 Bh3 16. b3 Bxg2 17. Kxg2 h5 18. h4 a6 19. Nd5 Ne7 20. Nxe7+ Rxe7 21. Nf4 Rxe1 22. Rxe1 Bh6 23. Qe3 Qf5 24. Qe4 Bxf4 25. Qxf5 gxf5 26. gxf4 Kf8 27. Kf2 f6 28. d5 b6 29. a3 a5 30. Re6 Kf7 31. Re1 Re8 32. Rc1 Ra8 33. Rc2 Ra7 34. Rc3 Ra8 35. Rc1 Ra7 36. Ke3 Ra8 37. Rg1 Re8+ 38. Kd3 Ra8 39. Rg2 Re8 40. Rg1 Ra8 41. Kc3 Re8 42. Kd3 Ra8 43. Rg2 Re8 44. Rg1 Ra8 45. Kd2 Re8 46. Rg2 Ra8 47. Kc3 Re8 48. b4 Re3+ 49. Kd4 Rxa3 50. bxa5 Rxa5 51. Rg1 Ra3 52. Rf1 Ra2 53. Kc3 Rh2 54. Kb4 Rb2+ 55. Kc3 Ra2 56. Kb4 Ra5 57. Rg1 Rc5 58. Rg2 b5 59. cxb5 Rxd5 60. Rc2 Rd4+ 61. Ka5 Rxf4 62. Rxc7+ Ke8 63. b6 Kd8 64. Rh7 Kc8 65. Ka6 Ra4+ 66. Kb5 Ra3 67. Kc6 Rc3+ 68. Kxd6 Rxf3 69. Ke6 Rb3 70. Rxh5 Rxb6+ 71. Kxf5 Kd7 72. Rh7+ Ke8 73. h5 Kf8 74. h6 Kg8 75. Ra7 Rb1 76. Kxf6 Kh8 77. h7 Rf1+ 78. Kg5 Rg1+ 79. Kf4 Rg7 80. Rxg7 Kxg7 81. h8=Q+ Kxh8 1/2-1/2

[Event "3rd Rio Open-Blitz 2024"]
[Site "Rio de Janeiro"]
[Date "2024.04.27"]
[Round "9.3"]
[White "Becker, Rogerio Sperb"]
[Black "Lage, Pedro Ferreira"]
[Result "1-0"]
[ECO "A11"]
[WhiteElo "2054"]
[BlackElo "2061"]
[Annotator "NA"]
[PlyCount "72"]
[EventDate "2024.04.12"]
[EventType "swiss"]
[EventCountry "BRA"]
[SourceTitle "playchess.com"]
[Source "ChessBase"]
[SourceQuality "1"]
[TimeControl "180+2"]

1. c4 c6 2. Nf3 d5 3. g3 Nf6 4. Bg2 dxc4 5. a4 Bf5 6. Na3 Nbd7 7. Nxc4 e6 8. d3 Be7 9. O-O O-O 10. a5 Nc5 11. Nfe5 Nfd7 12. a6 Nxa6 13. Nxc6 bxc6 14. Rxa6 Nb6 15. Ne5 Qc8 16. Ra1 Bf6 17. Nxc6 Qc7 18. Bf4 e5 19. Be3 Bd7 20. Nb4 Rac8 21. Bxb6 axb6 22. Nd5 Qd6 23. Nxf6+ Qxf6 24. Qb3 Bg4 25. Rfe1 Rc5 26. h4 Rfc8 27. Qb4 Bd7 28. Bf3 Rb5 29. Qa3 Qe6 30. Rec1 Rb3 31. Rxc8+ Bxc8 32. Qa8 Qe8 33. Rc1 Bd7 34. Qxe8+ Bxe8 35. Rc8 Kf8 36. Bc6 Rb5 1-0

[Event "3rd Rio Open-Blitz 2024"]
[Site "Rio de Janeiro"]
[Date "2024.04.27"]
[Round "9.4"]
[White "Guimaraes, Lucas Dos S Peixoto"]
[Black "De Siqueira, Luigy Lira"]
[Result "0-1"]
[ECO "C54"]
[WhiteElo "2019"]
[BlackElo "2274"]
[Annotator "NA RC"]
[PlyCount "70"]
[EventDate "2024.04.12"]
[EventType "swiss"]
[EventCountry "BRA"]
[SourceTitle "playchess.com"]
[Source "ChessBase"]
[SourceQuality "1"]
[TimeControl "180+2"]

1. e4 e5 2. Nf3 Nc6 3. Bc4 Bc5 4. c3 Nf6 5. d4 exd4 6. e5 d5 7. Bb5 Ne4 8. cxd4 Bb6 9. Nc3 O-O 10. Be3 f5 11. exf6 Nxf6 12. Bxc6 bxc6 13. Ne5 Qd6 14. h3 c5 15. Nb5 Qe7 16. O-O cxd4 17. Nc6 Qd7 18. Nbxd4 Bb7 19. Ne5 Qe8 20. Nef3 c5 21. Nc2 d4 22. Bg5 Ne4 23. Re1 Qh5 24. Bh4 Bc7 25. Bg3 Nxg3 26. fxg3 Bxg3 27. Re7 Bxf3 28. gxf3 Qxh3 29. Qd2 Rxf3 30. Rae1 Bxe1 31. Nxe1 Qg4+ 32. Ng2 Raf8 33. Qe2 Qg3 34. Qe6+ Kh8 35. Re8 Rf1# 0-1

[Event "3rd Rio Open-Blitz 2024"]
[Site "Rio de Janeiro"]
[Date "2024.04.27"]
[Round "9.5"]
[White "Librelato, Kathie Goulart"]
[Black "Azevedo, Edmundo Roberto Ramo"]
[Result "1-0"]
[ECO "B01"]
[WhiteElo "2165"]
[BlackElo "1917"]
[Annotator "NA"]
[PlyCount "89"]
[EventDate "2024.04.12"]
[EventType "swiss"]
[EventCountry "BRA"]
[SourceTitle "playchess.com"]
[Source "ChessBase"]
[SourceQuality "1"]
[TimeControl "180+2"]

1. e4 d5 2. exd5 Qxd5 3. Nc3 Qd8 4. d4 c6 5. Nf3 Bg4 6. Be2 e6 7. h3 Bh5 8. g4 Bg6 9. Ne5 Nd7 10. Nxg6 hxg6 11. Bf4 Ngf6 12. Qd2 Qa5 13. a3 Bb4 14. O-O-O Bxc3 15. Qxc3 Qxc3 16. bxc3 Nd5 17. Bd2 N7b6 18. c4 Ne7 19. c5 Nbd5 20. c4 Nf6 21. Bf3 O-O-O 22. Ba5 Rd7 23. Kc2 b6 24. cxb6 axb6 25. Bxb6 Kb7 26. Rb1 Ra8 27. Bc5+ Kc8 28. Rb6 Rb8 29. Rhb1 Rxb6 30. Rxb6 Ne8 31. Bxe7 Rxe7 32. Rxc6+ Kd7 33. a4 Nd6 34. a5 Nc8 35. a6 e5 36. d5 e4 37. Be2 Kd8 38. d6 Re6 39. c5 e3 40. f3 Re5 41. Rc7 Rd5 42. Bb5 Rd2+ 43. Kc3 Ra2 44. Rd7+ Ke8 45. Re7+ 1-0

[Event "3rd Rio Open-Blitz 2024"]
[Site "Rio de Janeiro"]
[Date "2024.04.27"]
[Round "9.6"]
[White "Mafra, Kaiser Luiz"]
[Black "Zacarias, Rodrigo Medeiros"]
[Result "0-1"]
[ECO "B23"]
[WhiteElo "2074"]
[BlackElo "2101"]
[Annotator "NA"]
[PlyCount "64"]
[EventDate "2024.04.12"]
[EventType "swiss"]
[EventCountry "BRA"]
[SourceTitle "playchess.com"]
[Source "ChessBase"]
[SourceQuality "1"]
[TimeControl "180+2"]

1. e4 c5 2. Nc3 e6 3. f4 Nc6 4. Nf3 a6 5. g3 d6 6. Bg2 g6 7. d4 cxd4 8. Nxd4 Bg7 9. Nxc6 bxc6 10. e5 d5 11. Be3 Ne7 12. O-O O-O 13. Na4 a5 14. Nb6 Ba6 15. Nxa8 Bxf1 16. Nb6 Bxg2 17. Kxg2 Nf5 18. Bf2 d4 19. Na4 Qd5+ 20. Qf3 Qc4 21. Qb3 Qe2 22. Kg1 Rd8 23. Re1 Qb5 24. Qxb5 cxb5 25. Nc5 Rc8 26. Nb3 Rxc2 27. Nxd4 Rxb2 28. Nxf5 gxf5 29. Rd1 Bf8 30. Rd8 Kg7 31. Bb6 Rxa2 32. h4 h5 0-1